 Dungeon Crawl Stone Soup version 0.22-a0-570-g58866f5 (webtiles) character file.

46 kae the Firebug (level 3, 0/19 HPs)
             Began as a Tengu Fire Elementalist on June 30, 2018.
             Slain by a giant cockroach (2 damage)
             ... on level 2 of the Dungeon.
             The game lasted 00:01:13 (1032 turns).

kae the Firebug (Tengu Fire Elementalist)           Turns: 1032, Time: 00:01:14

Health: 0/19       AC:  2    Str:  8    XL:     3   Next: 68%
Magic:  2/7        EV: 12    Int: 16    God:
Gold:   10         SH:  0    Dex: 14    Spells: 5/6 levels left

rFire    . . .     SeeInvis .   (no weapon)
rCold    . . .     Gourm    .   (no shield)
rNeg     . . .     Faith    .   a - +0 robe
rPois    .         Spirit   .   (helmet restricted)
rElec    .         Reflect  .   (no cloak)
rCorr    .         Harm     .   (no gloves)
MR       .....                  (boots unavailable)
Stlth    ++........             (no amulet)
HPRegen  0.06/turn              (no ring)
MPRegen  0.10/turn              (no ring)

@: about to teleport
A: beak, talons 3
a: no special abilities


You were on level 2 of the Dungeon.
You were hungry.

You visited 1 branch of the dungeon, and saw 2 of its levels.

You collected 10 gold pieces.

Inventory:

Armour
 a - a +0 robe (worn)
Jewellery
 e - an uncursed ring of stealth {unknown}
Scrolls
 b - a scroll of teleportation
 d - 2 scrolls of remove curse
Comestibles
 c - 2 rations


   Skills:
 - Level 2.1 Dodging
 - Level 2.0 Stealth
 + Level 2.4 Spellcasting
 + Level 2.5 Conjurations
 * Level 4.2 Fire Magic


You had 5 spell levels left.
You knew the following spells:

 Your Spells              Type           Power        Failure   Level  Hunger
a - Flame Tongue          Conj/Fire      ##...        4%          1    #......

Your spell library contained the following spells:

 Spells                   Type           Power        Failure   Level  Hunger
 Fireball                 Conj/Fire      ##........   80%         5    ######.
 Conjure Flame            Conj/Fire      ##......     14%         3    ###....
 Throw Flame              Conj/Fire      ##....       8%          2    ###....
 Sticky Flame             Conj/Fire      ##......     43%         4    #####..
 Inner Flame              Hex/Fire       #.......     24%         3    ###....


Dungeon Overview and Level Annotations

Branches:
Dungeon (2/15)

Altars:


Innate Abilities, Weirdness & Mutations

You have a beak for a mouth.
You have claws for feet.


Message History

Casting: Flame Tongue (safe; 4% risk of failure)
Confirm with . or Enter, or press ? or * to list all spells.
You don't have enough magic to cast that spell.
You aren't carrying any potions.
The giant cockroach bites you but does no damage.
The giant cockroach bites you.
* * * LOW HITPOINT WARNING * * *
The giant cockroach bites you.
* * * LOW HITPOINT WARNING * * *
A hobgoblin comes into view. It is wielding a club.
Found a scroll of teleportation.
The giant cockroach misses you.
You see here a scroll of teleportation.
b - 2 scrolls of teleportation (gained 1)
The giant cockroach bites you but does no damage.
The giant cockroach closely misses you.
As you read the scroll of teleportation, it crumbles to dust.
You feel strangely unstable. The giant cockroach barely misses you.
The giant cockroach bites you.
You die...

### ##### .. ... #. #.#
####.########K######
....(.......J.bs@..#
g..##.#######.####......
#.# #.# .#### #.## #.# #
.. .. #J.# #.. ##...#
##K## #.# #..#..
#####?.# #.# #....#
#l...#.## #.# #..#..
#....#%.# #####....#


You could see an ooze, a giant cockroach, a bat and a kobold.

Vanquished Creatures
  An adder (D:2)
  5 leopard geckos (D:1)
  4 bats (D:1)
  4 giant cockroaches
  2 goblins (D:1)
  4 hobgoblins (D:1)
  2 jackals (D:1)
  3 kobolds (D:1)
  A ball python (D:1)
  3 rats (D:1)
29 creatures vanquished.

Notes
Turn   | Place    | Note
-------+----------+-------------------------------------------
     0 | D:1      | kae the Tengu Fire Elementalist began the quest for the Orb.
     0 | D:1      | Reached XP level 1. HP: 10/10 MP: 4/4
   254 | D:1      | Reached XP level 2. HP: 9/15 MP: 4/6
   614 | D:1      | Reached XP level 3. HP: 17/19 MP: 2/7
   617 | D:1      | Reached skill level 4 in Fire Magic
  1032 | D:2      | Slain by a giant cockroach

Vault maps used:
D:1:      minmay_arrival_cross
D:2:      bloody_trog, minmay_misc_feat_pillars, nicolae_dithmenos_shadow_blocks

Skill      XL: |  1  2  3 |
---------------+----------+-----
Conjurations   | 2 |  2.5
Fire Magic     | 4 |  4.2
Dodging        | |  2.1
Stealth        | |  2.0
Spellcasting   | |  2.4

Action                   || total
-------------------------++-------
Melee: Unarmed           ||    35
       Kick              ||     9
       Peck              ||     4
 Cast: Flame Tongue      ||    38
  Use: Scroll            ||     3
 Stab: Sleeping          ||     2
Armor: Robe              ||    24
Dodge: Dodged            ||    49

Table legend:
 A = Spawn XP
 B = Non-spawn XP
 C = Spawn XP percentage of total XP
 D = Spawn monster count
 E = Non-spawn monster count
 F = Spawn count percentage of total count
 G = Total turns spent on level
                    A         B        C        D         E        F      G
               +---------+---------+-------+---------+---------+-------+---------
         Total |       0 |      67 |   0.0 |       0 |      29 |   0.0 |  1032
               +---------+---------+-------+---------+---------+-------+---------
           D:1 |       0 |      52 |   0.0 |       0 |      27 |   0.0 |   995
           D:2 |       0 |      15 |   0.0 |       0 |       2 |   0.0 |    37
               +---------+---------+-------+---------+---------+-------+---------
